 Dungeon Crawl Stone Soup version 0.15.0-12-gccce430 (webtiles) character file.

581 Johnny the Ruinous (level 6, -11/47 HPs)
             Began as a Demigod Conjurer on Sept 1, 2014.
             Mangled by Menkaure (22 damage)
             ... on Level 4 of the Dungeon.
             The game lasted 00:21:02 (5257 turns).

Johnny the Ruinous (Demigod Conjurer)               Turns: 5257, Time: 00:21:03

HP -11/47        AC  7     Str 12      XL: 6   Next: 90%
MP   6/16        EV 12     Int 23      God:
Gold 254         SH  0     Dex 16      Spells:  3 memorised,  5 levels left

rFire  . . .     SeeInvis .     A - +2 dagger (speed)
rCold  . . .     Clarity  .     f - +0 leather armour
rNeg   . . .     rCorr    .     (no shield)
rPois  .         rRot     .     (no helmet)
rElec  .         Spirit   .     k - +2 cloak
SustAb .         Warding  .     i - +0 pair of gloves
rMut   .         Stasis   .     (no boots)
Gourm  .                        (no amulet)
MR     .....                    (no ring)
                                (no ring)

@: not resistant to hostile enchantments, unstealthy
A: no striking features
a: no special abilities


You were on level 4 of the Dungeon.
You were not hungry.

You visited 1 branch of the dungeon, and saw 4 of its levels.

You collected 254 gold pieces.

Inventory:

Hand weapons
 g - a +0 dagger
 w - a +2 dagger of distortion
 A - a +2 dagger of speed (weapon)
Armour
 a - a +0 robe
 f - a +0 leather armour (worn)
 i - a +0 pair of gloves (worn)
 k - a +2 cloak (worn)
Magical devices
 t - a wand of draining (2)
 D - a wand of polymorph (11) {unknown}
 E - a wand of magic darts (10) {unknown}
Comestibles
 b - 3 bread rations
 j - a meat ration
 o - a slice of pizza
 B - 3 rotting chunks of gnoll flesh
Scrolls
 h - 4 scrolls of remove curse {unknown}
 m - a scroll of magic mapping {unknown}
 n - 8 scrolls of identify
 s - a scroll of enchant weapon {unknown}
 u - a scroll of immolation {unknown}
 v - 3 scrolls of teleportation {unknown}
 y - a scroll of fear {unknown}
Jewellery
 d - an uncursed ring of stealth {unknown}
 l - an uncursed ring of invisibility {unknown}
 q - a cursed ring of flight {unknown}
 z - an uncursed ring of protection from cold {unknown}
Potions
 e - a potion of brilliance
 p - a potion of restore abilities
 r - a potion of degeneration
 x - a potion of cancellation {unknown}
 C - a potion of invisibility {unknown}
Books
 c - a book of Conjurations

   Spells                             Type                      Level
   *Magic Dart                        Conjuration                  1
   *Searing Ray                       Conjuration                  2
   *Dazzling Spray                    Conjuration/Hexes            3
   Fulminant Prism                    Conjuration/Hexes            4
   Iskenderun's Mystic Blast          Conjuration                  4
   Iskenderun's Battlesphere          Conjuration/Charms           5


   Skills:
 + Level 1.3 Fighting
 + Level 0.5 Short Blades
 + Level 2.4 Armour
 + Level 3.5 Dodging
 + Level 2.4 Stealth
 + Level 3.0 Spellcasting
 + Level 5.4 Conjurations


You had 5 spell levels left.
You knew the following spells:

 Your Spells              Type           Power        Failure   Level  Hunger
a - Magic Dart            Conj           ####         1%          1    None
b - Searing Ray           Conj           ####..       1%          2    ##.....
c - Dazzling Spray        Conj/Hex       ###.....     14%         3    ###....


Dungeon Overview and Level Annotations

Branches:
Dungeon (4/15)
 Temple: D:4-7

Shops:
D:4 %

Annotations:
D:4 Menkaure


Message History

Aiming: Searing Ray
Press: ? - help, Shift-Dir - straight line, f/p - Menkaure
Aim: Menkaure (heavily damaged, fast)
The searing ray hits Menkaure.
Menkaure is heavily damaged.
Menkaure calls on the powers of darkness!
Your body is wracked with pain!
The searing ray hits Menkaure.
Menkaure is severely damaged.
Menkaure hits you!
* * * LOW HITPOINT WARNING * * *
Drink which item? (? for menu, Esc to quit)
Okay, then.
Read which item? (? for menu, Esc to quit)
As you read the scroll labeled THEFAY STREFOU, it crumbles to dust.
It is a scroll of identify.
Identify which item? (\ to view known items) (? for menu, Esc to quit)
t - a wand of draining (2) Menkaure hits you!!
You die...

#..........# #..#######
#.########.# #..# #. #.#
.######..####### #.#
#..............# #.#
..#######.##### #.# (.#
#.##### #.# ..# #.##..##
#.########M.# #.##).#.
#......#.@).#######.##....
######.................###
###.#.#########.### ....#
#.# ##.### #.# #.# #.# #.#
#.# #.. #.# ### #.#


You could see Menkaure.

Vanquished Creatures
  An ice beast (D:4)
  An ogre (D:4)
  A giant frog (D:4)
  A centaur skeleton (D:3)
  3 worker ants
  6 gnolls
  6 adders
  2 giant mites
  3 worms (D:3)
  2 oozes
  An orc (D:4)
  11 bats
  3 giant cockroaches
  17 goblins
  12 hobgoblins
  6 jackals
  14 kobolds
  4 quokkas
  3 ball pythons
  4 giant geckos
  2 giant newts
  A goblin skeleton (D:4)
  10 rats
114 creatures vanquished.

Vanquished Creatures (others)
  A goblin (D:3)
1 creature vanquished.

Grand Total: 115 creatures vanquished

Notes
Turn   | Place    | Note
--------------------------------------------------------------
     0 | D:1      | Johnny, the Demigod Conjurer, began the quest for the Orb.
     0 | D:1      | Reached XP level 1. HP: 14/14 MP: 3/3
   462 | D:1      | Reached XP level 2. HP: 12/20 MP: 1/4
   695 | D:1      | Reached skill level 4 in Conjurations
  1187 | D:1      | Reached XP level 3. HP: 26/26 MP: 0/7
  2261 | D:2      | Reached XP level 4. HP: 27/34 MP: 3/10
  2399 | D:2      | Reached skill level 1 in Armour
  2982 | D:3      | Reached XP level 5. HP: 39/39 MP: 1/12
  3299 | D:3      | Learned a level 2 spell: Searing Ray
  3303 | D:3      | Learned a level 3 spell: Dazzling Spray
  4156 | D:3      | Reached skill level 1 in Fighting
  4498 | D:4      | Reached XP level 6. HP: 39/47 MP: 7/15
  4577 | D:4      | Noticed an ice beast
  4592 | D:4      | Killed an ice beast
  4592 | D:4      | Reached skill level 5 in Conjurations
  4747 | D:4      | Found an ancient bone altar of Kikubaaqudgha.
  4837 | D:4      | Noticed a spatial vortex
  4941 | D:4      | Found Yzxuol's Food Shoppe.
  4951 | D:4      | Noticed an ogre
  4957 | D:4      | Killed an ogre
  5252 | D:4      | Noticed Menkaure
  5257 | D:4      | Mangled by Menkaure

Action                   |  1- 3 |  4- 6 || total
-------------------------+-------+-------++-------
Melee: Unarmed           |    14 |       ||    14
       Dagger            |    57 |    38 ||    95
 Cast: Magic Dart        |    82 |   140 ||   222
       Searing Ray       |       |    15 ||    15
       Dazzling Spray    |       |     2 ||     2
  Use: Potion            |       |     4 ||     4
       Scroll            |       |     1 ||     1
  Eat: Chunk             |     5 |     8 ||    13
       Fruit             |       |     2 ||     2
